 Dungeon Crawl Stone Soup version 0.31.0-12-g77e489cdc1 (webtiles) character file.

Game seed: 8885031786965578129

1303 Silvore the Slasher (level 8, -3/61 HPs)
             Began as a Demonspawn Fighter on Feb 15, 2024.
             Slain by a steam dragon (5 damage)
             ... on level 6 of the Dungeon.
             The game lasted 00:06:28 (5067 turns).

Silvore the Slasher (Demonspawn Fighter)            Turns: 5067, Time: 00:06:28

Health: -3/61      AC: 14    Str: 18    XL:     8   Next: 31%
Magic:  8/8        EV:  7    Int: 10    God:
Gold:   97         SH:  9    Dex: 12    Spells: 7/7 levels left

rFire   . . .        a - +1 long sword
rCold   . . .        o - +0 kite shield
rNeg    . . .        e - +0 chain mail
rPois   .            (helmet restricted)
rElec   .            (no cloak)
rCorr   .            l - +0 pair of gloves
SInv    .            (no boots)
Will    .....        (no amulet) Stlth
                     (no ring)
HPRegen 0.30/turn    (no ring)
MPRegen 0.11/turn

%: no passive effects
@: no status effects
A: antennae 1, slimy green scales 2, foul stench 2
a: no special abilities


You were on level 6 of the Dungeon.
You visited 1 branch of the dungeon, and saw 6 of its levels.

You collected 97 gold pieces.

Inventory:

Hand Weapons
 a - a +1 long sword (weapon)
Armour
 b - a +0 scale mail
 c - a +0 buckler
 e - a +0 chain mail (worn)
 l - a +0 pair of gloves (worn)
 n - a +1 helmet of see invisible
 o - a +0 kite shield (worn)
Wands
 d - a wand of light (3)
 q - a wand of flame (23)
Scrolls
 f - a scroll of immolation
 i - 2 scrolls of teleportation
 m - a scroll of blinking
 r - a scroll of torment {unknown}
Potions
 g - 2 potions of enlightenment
 h - a potion of curing
 j - a potion of haste {unknown}
 k - 3 potions of mutation {unknown}
 p - a potion of degeneration {unknown}
 s - a potion of heal wounds {unknown}


   Skills:
 + Level 4.8 Fighting
 + Level 6.1 Long Blades
 + Level 5.0 Armour
 + Level 1.5 Dodging
 + Level 0.4 Stealth
 + Level 4.7 Shields


You had 7 spell levels left.
You didn't know any spells.
Your spell library contained the following spells:

 Spells                   Type           Power      Damage    Failure   Level
 Scorch                   Fire           0%         2d5       100%        2
 Gell's Gravitas          Tloc           0%         N/A       100%        3
 Teleport Other           Tloc           0%         N/A       100%        3
 Flame Wave               Conj/Fire      0%         2d4       100%        4
 Dispersal                Tloc           0%         N/A       100%        6
 Summon Cactus Giant      Summ           0%         N/A       100%        6


Dungeon Overview and Level Annotations

Branches:
Dungeon (6/15)
 Temple: D:4-7

Altars:
Vehumet
Wu Jian

Annotations:
D:4 1 runed translucent door, Silvore's ghost, amateur DsFi


Innate Abilities, Weirdness & Mutations

You have a pair of small antennae on your head.
You are mostly covered in slimy green scales. (AC +3)
You sometimes emit foul miasma when damaged in melee.


Message History

You slash the steam dragon!
The steam dragon is heavily wounded.
You block the steam dragon's attack. The steam dragon claws you.
You barely miss the steam dragon.
The steam dragon is heavily wounded.
The steam dragon closely misses you.
The steam dragon claws you but does no damage.
You barely miss the steam dragon.
The steam dragon is heavily wounded.
The steam dragon misses you. You block the steam dragon's attack.
The white imp gestures at you. The puff of frost hits you!
* * * LOW HITPOINT WARNING * * *
You closely miss the steam dragon.
The steam dragon is heavily wounded.
The steam dragon closely misses you.
The steam dragon claws you but does no damage.
The white imp barely misses you. The steam dragon closely misses you.
The steam dragon claws you but does no damage.
The white imp completely misses you.
You feel better. You block the steam dragon's attack.
The steam dragon claws you but does no damage.
The white imp hits you but does no damage.
You hit the steam dragon but do no damage.
The steam dragon is heavily wounded.
The steam dragon breathes steam at you. The ball of steam hits you!
* * * LOW HITPOINT WARNING * * *
The white imp hits you but does no damage.
You hit the steam dragon.
The steam dragon is heavily wounded.
You are engulfed in a cloud of scalding steam.
The steam dragon bites you.
* * * LOW HITPOINT WARNING * * *
The steam dragon barely misses you. The white imp gestures at you.
You block the puff of frost.
Unknown command.
The steam dragon bites you.
You die...

........# .......## ##
.......# ###.### .......#
##.....## .......#
#.......# ......##
.......## ......#
........#
......###########......#.
................@D.......
...##########.#.5ยง.....#
#### ...######...# ......
.## ......... .........#
........## .......##


You could see a steam dragon (catching breath) and a white imp.

Vanquished Creatures
  A water moccasin (D:5)
  2 ice beasts (D:3)
  2 black bears (D:6)
  A phantom (D:5)
  A scorpion (D:4)
  A howler monkey (D:4)
  A hound (D:3)
  2 orc priests
  A bombardier beetle (D:6)
  2 jellies
  3 orc wizards
  4 sleepcaps
  4 iguanas
  8 adders
  An ufetubus (D:5)
  3 dart slugs
  2 ribbon worms
  21 orcs
  7 bats
  7 endoplasms
  3 giant cockroaches
  8 goblins
  5 hobgoblins
  3 jackals (D:4)
  16 kobolds
  2 quokkas
  9 ball pythons
  3 frilled lizards
  8 rats
131 creatures vanquished.

Notes
Turn   | Place    | Note
-------+----------+-------------------------------------------
     0 | D:1      | Silvore the Demonspawn Fighter began the quest for the Orb.
     0 | D:1      | Reached XP level 1. HP: 18/18 MP: 1/1
   102 | D:1      | Reached skill level 2 in Long Blades
   147 | D:1      | Gained mutation: You are partially covered in slimy green
                  | scales. (AC +2) [demonic ancestry]
   147 | D:1      | Reached XP level 2. HP: 21/24 MP: 2/2
   583 | D:1      | Reached XP level 3. HP: 29/29 MP: 3/3
   936 | D:2      | Identified the +8 morningstar of the Wraith {flame, +Blink
                  | Str+4}
  1192 | D:2      | Gained mutation: You may rarely emit foul miasma when
                  | damaged in melee. [demonic ancestry]
  1192 | D:2      | Reached XP level 4. HP: 28/35 MP: 4/4
  1353 | D:2      | Reached skill level 3 in Long Blades
  1364 | D:2      | Found a faded altar of an unknown god.
  1683 | D:3      | Noticed an ice beast
  1694 | D:3      | Killed an ice beast
  1695 | D:3      | Gained mutation: You sometimes emit foul miasma when
                  | damaged in melee. [demonic ancestry]
  1695 | D:3      | Reached XP level 5. HP: 27/41 MP: 5/5
  1877 | D:3      | Noticed an ice beast
  1894 | D:3      | Killed an ice beast
  1895 | D:3      | Reached skill level 4 in Long Blades
  1895 | D:3      | Gained mutation: You are mostly covered in slimy green
                  | scales. (AC +3) [demonic ancestry]
  1895 | D:3      | Reached XP level 6. HP: 22/48 MP: 6/6
  2449 | D:3      | Found an ornate altar of the Wu Jian Council.
  2771 | D:4      | Reached skill level 1 in Dodging
  3132 | D:4      | Reached XP level 7. HP: 54/54 MP: 7/7
  3156 | D:4      | Noticed Silvore's ghost (amateur DsFi)
  3173 | D:4      | Found a runed translucent door.
  3648 | D:5      | Entered Level 5 of the Dungeon
  3689 | D:5      | Reached skill level 5 in Long Blades
  4643 | D:5      | Found a radiant altar of Vehumet.
  4761 | D:6      | Gained mutation: You have a pair of small antennae on your
                  | head. [demonic ancestry]
  4761 | D:6      | Reached XP level 8. HP: 42/61 MP: 8/8
  4922 | D:6      | Reached skill level 6 in Long Blades
  4922 | D:6      | Reached skill level 5 in Armour
  5066 | D:6      | HP: 2/61 [steam dragon (6)]
  5067 | D:6      | Slain by a steam dragon

Illustrated notes

Levels and vault maps discovered:
D:1:      dpeg_arrival_short_road, layout_loops_ring
D:2:      minmay_general_purpose_star, layout_basic,
          dilly_ecumenical_altar_fadedgnrine
D:3:      layout_loops_ring, overflow_temple_1_default, minmay_puff
D:4:      layout_loops_ring, hellmonk_ghost_happy_afterlife
D:5:      minmay_recursive_quarters, layout_basic, lemuel_crystal_altar
D:6:      layout_cave_pods, nicolae_ru_awakened_eye

Skill      XL: |  1  2  3  4  5  6  7  8 |
---------------+-------------------------+-----
Long Blades    | 2 3 4 5 6 |  6.1
Armour         | 3 4 5 |  5.0
Shields        | 3 4 |  4.7
Dodging        | 1 |  1.5
Fighting       | 4 |  4.8
Stealth        | |  0.4

Action                     |  1- 3 |  4- 6 |  7- 9 || total
---------------------------+-------+-------+-------++-------
  Melee: Long sword        |   156 |   181 |   190 ||   527
    Use: Scroll            |     3 |     7 |     2 ||    12
         Potion            |     1 |     1 |     3 ||     5
 Armour: Scale mail        |    75 |       |       ||    75
         Chain mail        |    77 |   139 |   218 ||   434
  Dodge: Dodged            |    72 |    50 |    72 ||   194
  Block: Buckler           |    35 |    22 |       ||    57
         Kite shield       |       |    39 |   108 ||   147
